 Dungeon Crawl Stone Soup version 0.32-a0-918-g0f22ef8d61 (webtiles) character file.

Game seed: 3844137069115448252

1862 porpoise the Spear-Bearer (level 8, -4/65 HPs)
             Began as a Demonspawn Gladiator on Apr 11, 2024.
             Was a Follower of Yredelemnul.
             Killed from afar by Maggie (20 damage)
             ... with a bolt of fire
             ... on level 7 of the Dungeon.
             The game lasted 00:13:02 (6375 turns).

porpoise the Spear-Bearer (Demonspawn Gladiator)    Turns: 6375, Time: 00:13:03

Health: -4/65      AC:  5    Str: 16    XL:     8   Next: 90%
Magic:  12/12      EV: 10    Int: 10    God:    Yredelemnul [*.....]
Gold:   411        SH:  0    Dex: 14    Spells: 7/7 levels left

rFire   . . .        a - +0 trident
rCold   + . .        (no shield)
rNeg    . . .        k - +0 ring mail
rPois   .            (helmet restricted)
rElec   .            (no cloak)
rCorr   .            (no gloves)
SInv    .            (no boots)
Will    .....        (no amulet)
Stlth   +            r - ring of protection from cold
HPRegen 0.30/turn    (no ring)
MPRegen 0.26/turn

%: no passive effects
@: wreathed by umbra
A: horns 1, magic regeneration, demonic magic 2, weakness stinger 1
a: Renounce Religion, Light the Black Torch, Recall Undead Harvest


You were on level 7 of the Dungeon.
You worshipped Yredelemnul.
Yredelemnul was noncommittal.
You visited 2 branches of the dungeon, and saw 8 of its levels.

You collected 411 gold pieces.

Inventory:

Hand Weapons
 a - a +0 trident (weapon)
Missiles
 d - 3 throwing nets
 e - 5 javelins
 g - 5 curare-tipped darts (quivered)
 j - 8 poisoned darts
 x - 3 silver javelins
 z - 3 boomerangs
Armour
 f - the +5 chain mail of Ahaloem {MP+9}
   (You found it on level 7 of the Dungeon)

   MP+9:      It affects your magic capacity (+9).
 k - a +0 ring mail (worn)
Jewellery
 r - a ring of protection from cold (left hand)
 t - an amulet of guardian spirit
Wands
 C - a wand of flame (15)
Scrolls
 c - a scroll of revelation {unknown}
 l - a scroll of vulnerability
 n - a scroll of immolation
 o - 2 scrolls of identify
 p - a scroll of amnesia {unknown}
 q - a scroll of noise {unknown}
 s - 2 scrolls of teleportation
 v - 2 scrolls of blinking {unknown}
 y - 2 scrolls of butterflies {unknown}
 A - a scroll of torment {unknown}
 B - a scroll of enchant weapon {unknown}
Potions
 b - 2 potions of cancellation
 h - a potion of brilliance
 i - 2 potions of mutation
 m - a potion of berserk rage
 u - 2 potions of curing
 w - a potion of heal wounds {unknown}
 D - a potion of attraction {unknown}


   Skills:
 + Level 6.3 Fighting
 * Level 8.3 Polearms
 - Level 1.7 Throwing
 - Level 2.6 Dodging
 + Level 6.1 Invocations


You had 7 spell levels left.
You didn't know any spells.
Your spell library contained the following spells:

 Spells                   Type           Power      Damage    Failure   Level
 Fugue of the Fallen      Necr           0%         N/A       91%         3
 Ozocubu's Armour         Ice            0%         N/A       91%         3
 Manifold Assault         Tloc           0%         N/A       100%        7


Dungeon Overview and Level Annotations

Branches:
Dungeon (7/15)             Temple (1/1) D:4

Altars:
Ashenzari
Cheibriados
Dithmenos
Gozag
Kikubaaqudgha
Makhleb
Nemelex Xobeh
Okawaru
Qazlal
Ru
Sif Muna
Uskayaw
Vehumet
Xom
Yredelemnul

Annotations:
D:6 1 runed translucent door, SageDae's ghost, novice MDFi
D:7 Dowan; Maggie


Innate Abilities, Weirdness & Mutations

You have a pair of small horns on your head.
You regenerate magic rapidly.
Spells you cast may paralyse nearby enemies.
You have a small tail.


Message History

Your hornet zombie hits Duvessa.
A howler monkey comes into view.
Reach: a) +0 trident
Press: ? - help, Dir - move target, f/p - Duvessa
Aim: Duvessa, wielding a +0 short sword and wearing a +0 ring mail (severely wounded, not watching you, umbra, about 28% to evade your +0 trident)
You reach to attack!
You catch the helpless Duvessa completely off-guard!
You hit Duvessa but do no damage.
Duvessa is severely wounded.
Your hornet zombie hits Duvessa but does no damage.
Duvessa hits your hornet zombie with a +0 short sword.
Unknown command.
You swap places. 2 howler monkeys come into view.
Duvessa barely misses you.
The howler monkey moves out of view.
You barely miss Duvessa. You headbutt Duvessa!
Duvessa is almost dead.
The sentinel's mark upon you fades away.
Duvessa hits you with a +0 short sword.
* * * LOW HITPOINT WARNING * * *
You hit Duvessa but do no damage. Your headbutt misses Duvessa.
You tail-slap Duvessa.
Duvessa is almost dead.
Dowan gestures at Duvessa while chanting.
Duvessa seems to speed up.
Duvessa says, "When magic and the sword combine, nothing stands against them."
Duvessa barely misses you.
You hit Duvessa.
You kill Duvessa!
Their potent soul becomes fuel for the torch.
Dowan screams, "No!
Oh no!"
Dowan seems to find hidden reserves of power!
Dowan mumbles some strange words.
Dowan blinks!
Maggie gestures at you while chanting.
The bolt of fire hits the howler monkey!!
The howler monkey dies!
The bolt of fire hits you!!
You die...
Your body rises from the dead as a mindless zombie.

#..## #. ....# ..
.... .. ..e###.
..h.. .@h #)# #@##
#ZZ# #..# .. ##.##
...#####..#### .....
#...........#
.....###........#..#
##....)..####..#####
..#...... #..##


You could see Maggie (ally target), Dowan (fast), 2 howler monkeys, a friendly
hornet zombie and a friendly sky beast zombie.

Vanquished Creatures
  2 water moccasins
  Duvessa (D:7)
  An orc warrior (D:7)
  An ice beast (D:6)
  A sky beast (D:7)
  A black bear (D:6)
  An ogre (D:3)
  2 bullfrogs (D:6)
  A scorpion (D:6)
  2 howler monkeys
  A hound (D:6)
  An orc priest (D:5)
  2 jellies
  4 iguanas
  An orc wizard (D:5)
  2 adders (D:2)
  A shadow imp (D:5)
  2 ufetubi (D:6)
  2 dart slugs
  7 orcs
  5 ball pythons
  7 endoplasms
  4 giant cockroaches
  10 goblins
  9 hobgoblins
  A jackal (D:2)
  7 kobolds
  A quokka (D:3)
  5 bats
  4 frilled lizards
  4 rats
93 creatures vanquished.

Vanquished Creatures (collateral kills)
  A hornet (D:7)
  A centaur (D:6)
  2 scorpions
  2 jellies
  An orc priest (D:5)
  A hound (D:6)
  An iguana (D:5)
  2 white imps (D:6)
  4 orcs
15 creatures vanquished.

Vanquished Creatures (others)
  A water moccasin zombie (D:6)
  A howler monkey (D:7)
  A howler monkey zombie (D:6)
  A jelly zombie (D:6)
  A spectral white imp (D:6)
5 creatures vanquished.

Grand Total: 113 creatures vanquished

Notes
Turn   | Place    | Note
-------+----------+-------------------------------------------
     0 | D:1      | porpoise the Demonspawn Gladiator began the quest for the
                  | Orb.
     0 | D:1      | Reached XP level 1. HP: 16/16 MP: 1/1
   112 | D:1      | Reached skill level 3 in Polearms
   204 | D:1      | Discovered your monstrous ancestry.
   204 | D:1      | Gained mutation: You have a small tail. [demonic ancestry]
   204 | D:1      | Reached XP level 2. HP: 22/22 MP: 2/2
   653 | D:1      | Reached XP level 3. HP: 26/28 MP: 3/3
  1247 | D:2      | Reached skill level 4 in Polearms
  1247 | D:2      | Gained mutation: Spells you cast may paralyse adjacent
                  | enemies. [demonic ancestry]
  1247 | D:2      | Reached XP level 4. HP: 27/35 MP: 4/4
  1867 | D:3      | Noticed an ogre
  2177 | D:3      | Found a hide-covered altar of Uskayaw.
  2241 | D:3      | Killed an ogre
  2242 | D:3      | Gained mutation: You regenerate magic rapidly. [demonic
                  | ancestry]
  2242 | D:3      | Reached XP level 5. HP: 15/42 MP: 5/5
  2734 | D:4      | Reached skill level 5 in Polearms
  2837 | D:4      | Found a staircase to the Ecumenical Temple.
  2945 | Temple   | Entered the Ecumenical Temple
  2978 | Temple   | Became a worshipper of Yredelemnul the Fallen
  3050 | D:4      | Found a shadowy altar of Dithmenos.
  3063 | D:4      | Gained mutation: Spells you cast may paralyse nearby
                  | enemies. [demonic ancestry]
  3063 | D:4      | Reached XP level 6. HP: 37/48 MP: 6/6
  3284 | D:4      | Reached skill level 1 in Invocations
  3654 | D:5      | Entered Level 5 of the Dungeon
  4071 | D:5      | Found a shimmering altar of Xom.
  4109 | D:5      | Found a sparkling altar of Nemelex Xobeh.
  4177 | D:5      | Reached skill level 6 in Polearms
  4177 | D:5      | Reached XP level 7. HP: 47/55 MP: 8/8
  4430 | D:5      | Reached * piety under Yredelemnul
  4541 | D:5      | Found a shimmering blue altar of Sif Muna.
  4640 | D:6      | Reached skill level 5 in Fighting
  5062 | D:6      | Found a radiant altar of Vehumet.
  5125 | D:6      | Reached skill level 7 in Polearms
  5125 | D:6      | Gained mutation: You have a pair of small horns on your
                  | head. [demonic ancestry]
  5125 | D:6      | Reached XP level 8. HP: 14/62 MP: 11/11
  5463 | D:6      | Found a runed translucent door.
  5464 | D:6      | Noticed SageDae's ghost (novice MDFi)
  5492 | D:6      | Found a broken altar of Ashenzari.
  5496 | D:6      | Saw a vision of the Shoals and the Spider Nest.
  5496 | D:6      | Noticed a wolf spider
  5496 | D:6      | Noticed a broodmother
  5496 | D:6      | Noticed a steelbarb worm
  5496 | D:6      | Noticed a pharaoh ant
  5496 | D:6      | Noticed an emperor scorpion
  5496 | D:6      | Noticed a wolf spider
  5496 | D:6      | Noticed a tarantella
  5496 | D:6      | Noticed a sea snake
  5496 | D:6      | Noticed a manticore
  5496 | D:6      | Noticed a manticore
  5496 | D:6      | Noticed a meliai
  5497 | D:6      | Noticed a culicivora
  5499 | D:6      | Noticed a sun moth
  5500 | D:6      | Noticed a jumping spider
  5612 | D:6      | Reached skill level 5 in Invocations
  6038 | D:6      | Found a burning altar of Makhleb.
  6038 | D:6      | Noticed a balrug
  6041 | D:6      | Noticed a smoke demon
  6041 | D:6      | Noticed an orange demon
  6085 | D:7      | Identified the +5 chain mail of Ahaloem {MP+9}
  6167 | D:7      | Noticed a hornet
  6172 | D:7      | Killed a hornet
  6287 | D:7      | Reached skill level 8 in Polearms
  6359 | D:7      | Noticed Duvessa
  6361 | D:7      | Noticed Maggie
  6362 | D:7      | Noticed Dowan
  6375 | D:7      | Killed Duvessa
  6375 | D:7      | Killed from afar by Maggie

Illustrated notes

Levels and vault maps discovered:
D:1:      dpeg_arrival_pond, layout_loops_corners, kennysheep_another_room,
          st_stairs_2
D:2:      layout_basic, minmay_ruptured
D:3:      layout_basic, marbit_many_paths, minmay_increasing_density
D:4:      layout_loops_ring, nicolae_dithmenos_shadow_blocks,
          minmay_temple_entry_overgrown, bh_walls_and_bars
D:5:      layout_gridville, mainiacjoe_overflow_surrounded_room,
          overflow_temple_1_default, mainiacjoe_overflow_paths
D:6:      layout_loops_ring, makhleb_altar_promises_db,
          grunt_ashenzari_visionary [grunt_ashenzari_visionary_shoals,
          grunt_ashenzari_visionary_spider],
          mainiacjoe_overflow_concentric_impassable, gammafunk_ghost_grave
D:7:      cheibrodos_fertilizer, layout_layer_cave, trog_butcher_becter,
          pdpol_wu_jian_five_deadly_venoms, lemuel_tele_altar, enter_bailey_5,
          minmay_misc_feat_plants, uniq_duvessa, uniq_maggie
Temple:   cyrus_temple_forest

Skill      XL: |  1  2  3  4  5  6  7  8 |
---------------+-------------------------+-----
Polearms       | 3 4 5 6 7 8 |  8.3
Fighting       | 3 4 5 6 |  6.3
Invocations    | 2 4 6 |  6.1
Throwing       | |  1.7
Dodging        | |  2.6

Action                     |  1- 3 |  4- 6 |  7- 9 || total
---------------------------+-------+-------+-------++-------
  Melee: Trident           |    75 |   132 |   126 ||   333
         Tailslap          |     3 |    11 |    20 ||    34
         Headbutt          |       |       |     7 ||     7
 Invoke: Light the Black T |       |     2 |     2 ||     4
    Use: Scroll            |     4 |     4 |       ||     8
   Stab: Sleeping          |     2 |       |       ||     2
         Distracted        |       |       |     1 ||     1
 Armour: Leather armour    |    16 |       |       ||    16
         Ring mail         |    13 |    49 |    71 ||   133
  Dodge: Dodged            |    27 |    60 |    64 ||   151

Table legend: (Time is in decaauts)
 A = Elapsed time spent in this place.
 B = Non-inter-level travel time spent in this place.
 C = Inter-level travel time spent in this place.
 D = Time resting spent in this place.
 E = Time spent auto-exploring this place.
 F = Levels seen in this place.
 G = Mean time per level.
                   A        B        C        D        E       F      G
               +--------+--------+--------+--------+--------+-----+--------+
         Total |   6385 |   6168 |    217 |   1399 |   3898 |   8 |  798.1 |
       Dungeon |   6324 |   6135 |    189 |   1399 |   3898 |   7 |  903.4 |
        Temple |     61 |     33 |     28 |      0 |      0 |   1 |   61.0 |
               +--------+--------+--------+--------+--------+-----+--------+

Top non-repeatable levels by time:
     D:6: 1471 daAuts
     D:2: 974 daAuts
     D:4: 958 daAuts
     D:5: 951 daAuts
     D:1: 914 daAuts
     D:3: 762 daAuts
     D:7: 291 daAuts
  Temple: 61 daAuts
